 Dungeon Sprint DCSS version 0.18-b1-14-g029dad2 (webtiles) character file.

889 otab the Quickloader (level 7, 0/63 HPs)
             Began as a Minotaur Hunter on Apr 30, 2016.
             Was a Priest of Okawaru.
             Slain by a merfolk
             ... wielding the +9 dagger of Chilly Death {flash freeze, rPois rF- rC++ MR+}
              (1 damage)
             ... in the Dungeon (Sprint V: "Ziggurat Sprint").
             The game lasted 00:01:24 (386 turns).

otab the Quickloader (Minotaur Hunter)               Turns: 386, Time: 00:01:24

Health: 0/63       AC: 27    Str: 23    XL:     7   Next: 77%
Magic:  10/12      EV: 10    Int:  8    God:    Okawaru [***...]
Gold:   0          SH:  0    Dex: 18    Spells: 0 memorised, 10 levels left

rFire  . . .     SeeInvis +     L - +9 heavy crossbow "Sniper" {velocity, nevermiss, SInv}
rCold  . . .     Gourm    .     M - +15 Maxwell's patent armour {-Cast -Tele rElec MR+ rCorr}
rNeg   . . .     Faith    .     (shield currently unavailable)
rPois  .         Spirit   .     (helmet restricted)
rElec  +         Dismiss  .     (no cloak)
rCorr  +         Reflect  .     (no gloves)
SustAt .         Harm     .     (no boots)
MR     +....     NoTele   +     (no amulet)
Stlth  .......... NoCast   +    y - +6 ring of dexterity
                                E - +6 ring of strength

@: lethally poisoned (0 -> -14), frozen, very slow, somewhat resistant to
hostile enchantments, extremely unstealthy
A: retaliatory headbutt, horns 2
a: Heroism, Renounce Religion


You were in the Dungeon.
You worshipped Okawaru.
Okawaru was most pleased with you.
You were not hungry.

You visited 1 branch

Inventory:

Hand Weapons
 a - a +1 hand crossbow
 b - a +0 short sword
 L - the +9 heavy crossbow "Sniper" (weapon) {velocity, nevermiss, SInv}
   (You found it in the Dungeon)

   Any bolt fired from it inflicts extra damage.
   It lets you see invisible.
Missiles
 d - 1013 bolts (quivered)
Armour
 c - a +0 leather armour
 M - the +15 Maxwell's patent armour (worn) {-Cast -Tele rElec MR+ rCorr}
   (You found it in the Dungeon)

   It insulates you from electricity.
   It affects your resistance to hostile enchantments.
   It prevents spellcasting.
   It prevents most forms of teleportation.
   It protects you from acid and corrosion.
Jewellery
 y - a +6 ring of dexterity (right hand)
 B - a +6 ring of dexterity
 C - a +6 ring of intelligence
 D - a +6 ring of intelligence
 E - a +6 ring of strength (left hand)
 F - a +6 ring of strength
Wands
 G - a wand of disintegration (7/24)
 H - a wand of iceblast (5/15)
 I - a wand of lightning (5/15)
 J - a wand of acid (5/15)
Scrolls
 k - 4 scrolls of blinking
 r - 4 scrolls of amnesia
 s - 3 scrolls of recharging
 t - 7 scrolls of fog
 u - a scroll of holy word
 v - 5 scrolls of identify
 w - 5 scrolls of remove curse
 x - 2 scrolls of fear
Potions
 e - 10 potions of curing
 g - 10 potions of heal wounds
 h - 6 potions of haste
 i - 7 potions of magic
 j - 3 potions of berserk rage
 l - 2 potions of brilliance
 m - 2 potions of invisibility
 n - 4 potions of resistance
 p - 5 potions of agility
 q - 5 potions of might
Miscellaneous
 K - a disc of storms
Comestibles
 f - 5 bread rations
 z - 42 fruits
 A - 4 meat rations


   Skills:
 + Level 6.2 Fighting
 + Level 13.3 Crossbows
 + Level 3.0 Throwing
 + Level 5.8 Armour
 + Level 5.2 Dodging
 - Level 0.7 Stealth
 + Level 2.0 Spellcasting
 * Level 8.0 Invocations
 + Level 2.6 Evocations


You had 10 spell levels left.
You didn't know any spells.

Dungeon Overview and Level Annotations

Branches:
Dungeon (1/1)

Altars:
Ashenzari
Cheibriados
Dithmenos
Elyvilon
Fedhas
Gozag
Kikubaaqudgha
Makhleb
Nemelex Xobeh
Okawaru
Pakellas
Qazlal
Ru
Sif Muna
Trog
Vehumet
Xom
Yredelemnul
Zin
The Shining One
Beogh
Jiyva
Lugonu


Innate Abilities, Weirdness & Mutations

You reflexively headbutt those who attack you in melee.
You have a pair of horns on your head.


Message History

The merfolk hits you but does no damage. x3
The merfolk barely misses you.
Firing (i - inventory):
d - 1014 bolts (quivered)
Press: ? - help, Shift-Dir - straight line, f - merfolk
Aim: a merfolk, wielding the +9 dagger of Chilly Death {flash freeze, rPois rF- rC++ MR+} (moderately wounded)
You shoot a bolt. The bolt hits the merfolk!!
The merfolk is severely wounded.
The ice encasing you melts away.
You feel very sick.
The merfolk hits you but does no damage.
The merfolk hits you with the +9 dagger of Chilly Death {flash freeze, rPois rF- rC++ MR+}!
* * * LOW HITPOINT WARNING * * *
The merfolk freezes you.
* * * LOW HITPOINT WARNING * * *
You are encased in ice.
The merfolk hits you but does no damage.
The merfolk hits you with the +9 dagger of Chilly Death {flash freeze, rPois rF- rC++ MR+}.
* * * LOW HITPOINT WARNING * * *
The merfolk freezes you.
You die...

▓▓▓▓▓▓▓▓▓▓▓▓▓▓▓▓▓▓▓
▓.8©8.▓.8©8.▓.8©8.▓
▓.))=.▓.:)}.▓.....▓
▓..:..▓.....▓.:.).▓
▓.(...▓..†..▓.....▓
▓..m..▓.....▓.÷÷..▓
▓..)m.▓..†..▓.....▓
▓..@..▓.....▓▓▓▓▓▓▓
▓▓▓▓▓▓▓▓▓▓▓▓▓


You could see 2 merfolk.

Vanquished Creatures
  2 merfolk (D)
  A tarantella (D)
  A water moccasin (D)
  2 scorpions (D)
  A ball python (D)
7 creatures vanquished.

Notes
Turn   | Place    | Note
--------------------------------------------------------------
     0 | D        | otab the Minotaur Hunter began the quest for the Orb.
     0 | D        | Reached XP level 1. HP: 18/18 MP: 0/0
     0 | D        | Found a viscous altar of Jiyva.
     0 | D        | Found a roughly hewn altar of Beogh.
     0 | D        | Found a corrupted altar of Lugonu.
     0 | D        | Found a white marble altar of Elyvilon.
     0 | D        | Found a sparkling altar of Nemelex Xobeh.
     1 | D        | Found a burning altar of Makhleb.
     1 | D        | Found an iron altar of Okawaru.
     1 | D        | Found a deep blue altar of Sif Muna.
     1 | D        | Found a radiant altar of Vehumet.
     1 | D        | Found a bloodstained altar of Trog.
     1 | D        | Found a shimmering altar of Xom.
    47 | D        | Became a worshipper of Warmaster Okawaru
    85 | D        | Entered arena 1.
    85 | D        | Noticed a water moccasin
    88 | D        | Killed a water moccasin
    88 | D        | Reached * piety under Okawaru
    88 | D        | Reached ** piety under Okawaru
    88 | D        | Reached skill level 9 in Crossbows
    88 | D        | Reached skill level 1 in Armour
    88 | D        | Reached XP level 2. HP: 14/26 MP: 0/4
    88 | D        | Reached XP level 3. HP: 17/31 MP: 0/5
    88 | D        | Reached XP level 4. HP: 22/39 MP: 0/6
   362 | D        | Reached skill level 5 in Fighting
   362 | D        | Reached XP level 5. HP: 48/48 MP: 6/8
   364 | D        | Entered arena 2.
   364 | D        | Noticed a tarantella
   365 | D        | Killed a tarantella
   365 | D        | Reached skill level 11 in Crossbows
   365 | D        | Reached XP level 6. HP: 56/56 MP: 6/10
   367 | D        | Reached skill level 5 in Armour
   379 | D        | Entered arena 3.
   379 | D        | Noticed a merfolk
   379 | D        | Noticed a merfolk
   379 | D        | Noticed a merfolk
   379 | D        | Noticed a merfolk
   381 | D        | Killed a merfolk
   381 | D        | Reached *** piety under Okawaru
   381 | D        | Reached skill level 12 in Crossbows
   381 | D        | Reached skill level 5 in Dodging
   381 | D        | Reached XP level 7. HP: 63/63 MP: 8/11
   385 | D        | Killed a merfolk
   385 | D        | Reached skill level 13 in Crossbows
   386 | D        | HP: 1/63 [merfolk/the +9 dagger of Chilly Death {flash freeze, rPois rF- rC++ MR+} (6)]
   386 | D        | Slain by a merfolk

Skill      XL: |  1  2  3  4  5  6  7 |
---------------+----------------------+-----
Fighting       | 3 5 6 |  6.2
Crossbows      | 9 11 12 13 | 13.3
Armour         | 1 4 5 |  5.8
Invocations    | 4 6 7 8 |  8.0
Throwing       | 3 |  3.0
Dodging        | 4 5 |  5.2
Spellcasting   | 2 |  2.0
Evocations     | 2 |  2.6
Stealth        | |  0.7

Action                   |  1- 3 |  4- 6 |  7- 9 || total
-------------------------+-------+-------+-------++-------
 Fire: Heavy crossbow    |     3 |     5 |     5 ||    13
  Use: Potion            |       |     1 |       ||     1
Armor: Plate armour      |     5 |       |    11 ||    16
Dodge: Dodged            |     2 |     4 |     9 ||    15
